 Dungeon Crawl Stone Soup version 0.30.0-5-g1a98f26d00 (webtiles) character file.

Game seed: 4486624428426559607

257 Jase the Grave Robber (level 5, -6/35 HPs)
             Began as a Demonspawn Necromancer on May 10, 2023.
             Was a Priest of Uskayaw.
             Killed by divine providence
             ... invoked by an orc priest
              (13 damage)
             ... on level 5 of the Dungeon.
             The game lasted 00:12:08 (4176 turns).

Jase the Grave Robber (Demonspawn Necromancer)      Turns: 4176, Time: 00:12:09

Health: -6/35      AC:  5    Str:  8    XL:     5   Next: 93%
Magic:  4/10       EV: 12    Int: 19    God:    Uskayaw [***...]
Gold:   177        SH:  0    Dex: 13    Spells: 3/11 levels left

rFire   . . .        e - +0 short sword
rCold   . . .        (no shield)
rNeg    . . .        o - +0 leather armour
rPois   .            a - +0 helmet
rElec   .            (no cloak)
rCorr   .            (no gloves)
SInv    .            v - +0 pair of boots
Will    .....        (no amulet)
Stlth   ++           (no ring)
HPRegen 0.25/turn    (no ring)
MPRegen 0.12/turn

%: no passive effects
@: no status effects
A: sturdy frame 2
a: Renounce Religion, Stomp, Line Pass


You were on level 5 of the Dungeon.
You worshipped Uskayaw.
Uskayaw was noncommittal.
You visited 1 branch of the dungeon, and saw 5 of its levels.

You collected 177 gold pieces.

Inventory:

Hand Weapons
 e - a +0 short sword (weapon)
Missiles
 j - a throwing net
Armour
 a - a +0 helmet (worn)
 o - a +0 leather armour (worn)
 v - a +0 pair of boots (worn)
Jewellery
 t - an amulet of guardian spirit
Scrolls
 c - 4 scrolls of poison {unknown}
 d - 2 scrolls of brand weapon {unknown}
 f - 5 scrolls of identify {unknown}
 h - a scroll of butterflies {unknown}
 l - 3 scrolls of vulnerability {unknown}
 m - a scroll of fear {unknown}
 r - a scroll of silence {unknown}
 w - a scroll of fog {unknown}
 x - a scroll of teleportation {unknown}
Potions
 b - a potion of magic
 g - 2 potions of brilliance {unknown}
 i - 2 potions of haste {unknown}
 k - a potion of cancellation {unknown}
 n - a potion of flight {unknown}
 p - a potion of heal wounds {unknown}
 q - a potion of might {unknown}
 s - a potion of attraction {unknown}
 u - a potion of curing {unknown}


   Skills:
 - Level 1.7 Dodging
 - Level 1.7 Stealth
 + Level 3.6 Spellcasting
 * Level 7.0 Necromancy


You had 3 spell levels left.
You knew the following spells:

 Your Spells              Type           Power      Damage    Failure   Level
a - Necrotise             Necr           100%       1d9       1%          1
b - Vampiric Draining     Necr           30%        2d8       2%          3
c - Animate Dead          Necr           30%        N/A       8%          4

Your spell library contained the following spells:

 Spells                   Type           Power      Damage    Failure   Level
 Agony                    Necr           30%        N/A       22%         5
 Leda's Liquefaction      Hex/Erth       1%         N/A       82%         4
 Lee's Rapid Deconstruct  Erth           1%         3d4*      99%         5
 Statue Form              Tmut/Erth      2%         N/A       100%        6


Dungeon Overview and Level Annotations

Branches:
Dungeon (5/15)
 Temple: D:4-7

Altars:
Ashenzari
Cheibriados
Gozag
Okawaru
Uskayaw

Shops:
D:3 =

Annotations:
D:3 1 runed translucent door, SleepySteel's ghost, amateur MeFi


Innate Abilities, Weirdness & Mutations

Your movements are less encumbered by armour. (ER -4)


Message History

You can now pass through a line of other dancers.
The orc wizard writhes in agony.
Your orc skeleton closely misses the orc priest.
The orc priest invokes the aid of Beogh against you.
Beogh smites you!
* * * LOW HITPOINT WARNING * * *
Something hits your orc skeleton.
You are too injured to fight recklessly!
Casting: Necrotise (safe; 1% risk of failure)
Confirm with . or Enter, or press ? or * to list all spells.
Aiming: Necrotise (safe; 1% risk of failure)
Press: ? - help, Shift-Dir - straight line, f/p - orc wizard
Aim: an orc wizard, wielding a +0 dagger and wearing a +0 robe (heavily wounded, ally target, chance to affect: 83%)
The orc wizard writhes in agony.
Your orc skeleton hits the orc priest.
Something hits your orc skeleton.
Your orc skeleton is destroyed!
Your orc skeleton hits the orc priest but does no damage.
Uskayaw will force your foes to helplessly watch your dance.
Uskayaw prepares the audience for your solo!
Casting: Necrotise (safe; 1% risk of failure)
Confirm with . or Enter, or press ? or * to list all spells.
Aiming: Necrotise (safe; 1% risk of failure)
Press: ? - help, Shift-Dir - straight line, f/p - orc wizard
Aim: an orc wizard, wielding a +0 dagger and wearing a +0 robe (almost dead, paralysed, ally target, chance to affect: 83%)
Okay, then.
Unknown command.
The helpless orc wizard fails to defend itself.
You hit the orc wizard.
You kill the orc wizard!
The orc priest is no longer paralysed.
Your Necromancy skill increases to level 7!
Casting: Necrotise (safe; 1% risk of failure)
Confirm with . or Enter, or press ? or * to list all spells.
Aiming: Necrotise (safe; 1% risk of failure)
Press: ? - help, Shift-Dir - straight line, f - orc priest
Aim: an orc priest, wielding a +0 club (moderately wounded, chance to affect: 83%)
The orc priest writhes in agony!
The orc priest invokes the aid of Beogh against you.
Beogh smites you!
You die...

... #.#.# #.#<# #.#.#
#########.#.#
#..[......#.#
#.######..#.# #.#
#..#.########..
#.######......@)oZ)...
#.#.........######o...
#.#.####.#### . #.#.#
#.# #.#.####.#
#........# ###.######
#)############
#............# ###


You could see an orc priest (ally target), an orc and a friendly orc skeleton.

Vanquished Creatures
  3 orc wizards
  Terence (D:3)
  A gnoll (D:2)
  5 adders
  4 dart slugs
  6 orcs
  4 endoplasms
  3 giant cockroaches
  5 goblins
  5 hobgoblins
  6 jackals
  7 kobolds
  4 quokkas
  6 ball pythons
  7 bats
  4 frilled lizards
  4 rats
75 creatures vanquished.

Vanquished Creatures (collateral kills)
  A gnoll (D:1)
  An orc (D:4)
  A ball python (D:1)
  2 goblins (D:2)
  2 hobgoblins (D:3)
  A frilled lizard (D:2)
8 creatures vanquished.

Grand Total: 83 creatures vanquished

Notes
Turn   | Place    | Note
-------+----------+-------------------------------------------
     0 | D:1      | Jase the Demonspawn Necromancer began the quest for the
                  | Orb.
     0 | D:1      | Reached XP level 1. HP: 13/13 MP: 3/3
   399 | D:1      | Gained mutation: Your movements are slightly less
                  | encumbered by armour. (ER -2) [demonic ancestry]
   399 | D:1      | Reached XP level 2. HP: 19/19 MP: 0/5
   738 | D:1      | Reached skill level 5 in Necromancy
   741 | D:1      | Reached XP level 3. HP: 5/24 MP: 0/6
   822 | D:1      | You fall into a shaft and drop 1 floor!
  1419 | D:2      | Gained mutation: Your movements are less encumbered by
                  | armour. (ER -4) [demonic ancestry]
  1419 | D:2      | Reached XP level 4. HP: 30/30 MP: 6/8
  1595 | D:1      | Learned a level 3 spell: Vampiric Draining
  1838 | D:2      | Learned a level 4 spell: Animate Dead
  2343 | D:3      | Found a snail-covered altar of Cheibriados.
  2344 | D:3      | Found an opulent altar of Gozag.
  2345 | D:3      | Found an iron altar of Okawaru.
  2383 | D:3      | Reached skill level 6 in Necromancy
  2526 | D:3      | Found a faded altar of an unknown god.
  2534 | D:3      | Prayed at the altar of an unknown god.
  2534 | D:3      | Became a worshipper of Uskayaw the Reveller
  2534 | D:3      | Reached * piety under Uskayaw
  2848 | D:3      | Found a runed translucent door.
  2852 | D:3      | Noticed SleepySteel's ghost (amateur MeFi)
  2898 | D:3      | Found Cirph's Jewellery Shoppe.
  2908 | D:3      | Reached XP level 5. HP: 35/35 MP: 6/9
  3093 | D:3      | Identified the +0 hand axe "With Two Names" {antimagic,
                  | *Noise rC+ Int+3 Stlth+}
  3094 | D:3      | Noticed Terence
  3097 | D:3      | Reached ** piety under Uskayaw
  3098 | D:3      | Killed Terence
  3693 | D:4      | Identified the +0 leather armour "Yluet" {Will- Int+8}
  3860 | D:4      | Found a broken altar of Ashenzari.
  4113 | D:5      | Entered Level 5 of the Dungeon
  4174 | D:5      | Reached *** piety under Uskayaw
  4176 | D:5      | Reached skill level 7 in Necromancy
  4176 | D:5      | Killed from afar by an orc priest

Illustrated notes

Levels and vault maps discovered:
D:1:      dpeg_arrival_water_fire, layout_basic
D:2:      layout_basic, minmay_pentomino_x4
D:3:      layout_basic, chequers_temple_overflow_statue_of_worship,
          ebering_ghost_sewer_d, chequers_ecumenical_altar_simple_redux,
          serial_shops, shop, uniq_terence
D:4:      layout_rooms, cheibrodos_ashenzari_chains, minmay_fountain_box,
          serial_park_tiny_pond
D:5:      layout_loops_ring, doesnt_xom_only_xom, uniq_crazy_yiuf_cottage

Skill      XL: |  1  2  3  4  5 |
---------------+----------------+-----
Necromancy     | 5 6 7 |  7.0
Spellcasting   | 3 |  3.6
Dodging        | |  1.7
Stealth        | |  1.7

Action                     |  1- 3 |  4- 6 || total
---------------------------+-------+-------++-------
  Melee: Short sword       |    15 |     2 ||    17
         Unarmed           |     6 |       ||     6
   Cast: Necrotise         |    56 |    84 ||   140
   Stab: Sleeping          |       |     1 ||     1
         Paralysed         |       |     1 ||     1
 Armour: Robe              |     5 |       ||     5
         Leather armour    |       |     2 ||     2
  Dodge: Dodged            |    31 |     2 ||    33
